[ AOE2 MATCH · #480413222 ]
UnrankedCumans vs Poles
[ REPLAY ANALYSIS · EXTRACTED FROM THE RECORDED GAME ]
Feudal
10:48
Castle
27:17
Imperial
—
| APM avg | 30.6 |
| APM peak | 71 |
| eAPM avg | 16.6 |
| Villagers / military | 66 / 45 |
Focus
⚔️ 27.2% · 🌾 72.8%
Scout Cavalry ×28 · Battering Ram ×11 · Spearman ×6
Feudal
14:57
Castle
20:31
Imperial
—
| APM avg | 19.6 |
| APM peak | 47 |
| eAPM avg | 11.2 |
| Villagers / military | 54 / 29 |
Focus
⚔️ 12.1% · 🌾 87.9%
Obuch ×17 · Petard ×8 · Knight ×4
Feudal
11:42
Castle
17:24
Imperial
—
| APM avg | 26.1 |
| APM peak | 88 |
| eAPM avg | 16.0 |
| Villagers / military | 92 / 15 |
Focus
⚔️ 24.0% · 🌾 76.0%
Spearman ×11 · Mangonel ×4
Feudal
10:59
Castle
23:15
Imperial
—
| APM avg | 48.2 |
| APM peak | 120 |
| eAPM avg | 30.6 |
| Villagers / military | 71 / 5 |
Focus
⚔️ 5.8% · 🌾 94.2%
War Wagon ×5 · Fishing Ship ×2
Feudal
12:12
Castle
25:30
Imperial
—
| APM avg | 15.1 |
| APM peak | 45 |
| eAPM avg | 7.5 |
| Villagers / military | 28 / 0 |
Focus
⚔️ 14.3% · 🌾 85.7%
Unknown (1944) ×2
Feudal
12:43
Castle
16:26
Imperial
—
| APM avg | 19.7 |
| APM peak | 69 |
| eAPM avg | 12.2 |
| Villagers / military | 77 / 16 |
Focus
⚔️ 25.5% · 🌾 74.5%
Knight ×15 · Monk ×1
Feudal
11:31
Castle
—
Imperial
—
| APM avg | 10.5 |
| APM peak | 26 |
| eAPM avg | 7.1 |
| Villagers / military | 32 / 4 |
Focus
⚔️ 11.9% · 🌾 88.1%
Scout Cavalry ×4 · Fishing Ship ×3
Feudal
10:06
Castle
24:46
Imperial
—
| APM avg | 35.4 |
| APM peak | 113 |
| eAPM avg | 13.3 |
| Villagers / military | 56 / 47 |
Focus
⚔️ 27.2% · 🌾 72.8%
Archer ×47
Match map
Initial resources + every placement click. Lines = walls · curves = elevation contours. ◆ gold · ⬟ stone · ● berries · ✦ relic · ◌ wall gap
Your base· Open — opponent sealed themselves in
Soul Ledger's base· ✓ Closed at 20:31 · 48t walls · 1 gate(s)
Thupakiraja's base· ✓ Closed at 17:24 · 68t walls · no gate
DB.BigFoot's base· Open — opponent sealed themselves in
天机's base· ✓ Closed at 25:30 · 65t walls · 1 gate(s)
DB.DarkTreefolk's base· Open — opponent sealed themselves in
VVS's base· ✓ Closed at 20:37 · 12t walls · no gate
DB.SaltySnacks's base· Open — opponent sealed themselves in
Smoothed initial terrain · ◌ = detected wall gap · hover for details
Inputs per minute
— DB.TheYeti - - Soul Ledger
Build order — DB.TheYeti
First 150 of 169 actions detected
| 0:02 | Create | Villager (Male) ×4 |
| 0:04 | Build | House |
| 0:06 | Build | House |
| 1:27 | Create | Villager (Male) |
| 1:49 | Build | Lumber Camp |
| 2:10 | Create | Villager (Male) |
| 2:31 | Create | Villager (Male) |
| 2:31 | Create | Villager (Male) |
| 2:37 | Build | House |
| 3:07 | Create | Villager (Male) |
| 3:34 | Create | Villager (Male) |
| 3:35 | Create | Villager (Male) |
| 3:55 | Create | Villager (Male) |
| 3:55 | Create | Villager (Male) |
| 4:23 | Create | Villager (Male) |
| 4:24 | Create | Villager (Male) |
| 4:28 | Create | Villager (Male) |
| 4:28 | Create | Villager (Male) |
| 4:46 | Build | Mill |
| 4:49 | Create | Villager (Male) |
| 5:32 | Create | Villager (Male) |
| 5:50 | Build | House |
| 6:28 | Create | Villager (Male) |
| 6:42 | Build | Mill |
| 7:18 | Create | Villager (Male) |
| 7:18 | Create | Villager (Male) |
| 7:48 | Create | Villager (Male) |
| 8:09 | Build | Mining Camp |
| 8:38 | Research | Feudal Age |
| 9:53 | Build | House |
| 10:12 | Create | Villager (Male) |
| 10:12 | Create | Villager (Male) |
| 10:48 | Age | Feudal Age |
| 10:51 | Build | Blacksmith |
| 11:02 | Create | Villager (Male) |
| 11:09 | Research | Double-Bit Axe |
| 11:30 | Build | Siege Workshop |
| 11:39 | Build | House |
| 11:40 | Build | House |
| 11:45 | Create | Villager (Male) |
| 12:07 | Create | Battering Ram |
| 12:25 | Create | Villager (Male) |
| 12:26 | Create | Villager (Male) |
| 12:33 | Create | Battering Ram |
| 13:01 | Create | Villager (Male) |
| 13:37 | Create | Villager (Male) |
| 13:38 | Create | Villager (Male) |
| 13:38 | Create | Villager (Male) |
| 13:39 | Create | Villager (Male) |
| 14:08 | Create | Battering Ram |
| 14:08 | Create | Battering Ram |
| 14:08 | Create | Battering Ram |
| 14:09 | Create | Battering Ram |
| 14:29 | Build | Mill |
| 15:20 | Build | Barracks |
| 15:39 | Create | Battering Ram |
| 16:09 | Create | Spearman |
| 16:09 | Create | Spearman |
| 16:10 | Create | Spearman |
| 16:25 | Create | Villager (Male) |
| 16:40 | Build | House |
| 16:46 | Build | Town Center |
| 16:52 | Build | House |
| 16:52 | Build | House |
| 16:53 | Build | House |
| 16:53 | Build | House |
| 18:18 | Create | Spearman |
| 18:19 | Create | Spearman |
| 18:19 | Create | Spearman |
| 18:25 | Create | Villager (Male) |
| 18:31 | Build | Farm |
| 18:31 | Build | Farm |
| 18:31 | Build | Farm |
| 18:32 | Build | Farm |
| 18:32 | Build | Farm |
| 18:32 | Build | Farm |
| 18:39 | Build | Farm |
| 18:39 | Build | Farm |
| 18:39 | Build | Farm |
| 18:40 | Build | Farm |
| 18:46 | Create | Villager (Male) |
| 18:48 | Create | Villager (Male) |
| 19:41 | Build | Stable |
| 20:03 | Create | Villager (Male) |
| 20:05 | Research | Wheelbarrow |
| 20:06 | Create | Villager (Male) |
| 20:06 | Create | Villager (Male) |
| 20:08 | Build | Farm |
| 20:09 | Build | Farm |
| 20:09 | Build | Farm |
| 20:09 | Build | Farm |
| 20:19 | Create | Villager (Male) |
| 20:29 | Build | Lumber Camp |
| 20:33 | Create | Villager (Male) |
| 20:46 | Create | Villager (Male) |
| 21:18 | Create | Battering Ram |
| 21:54 | Create | Villager (Male) |
| 21:54 | Create | Villager (Male) |
| 22:12 | Create | Villager (Male) |
| 22:29 | Build | Stable |
| 22:35 | Create | Villager (Male) |
| 22:35 | Create | Villager (Male) |
| 22:38 | Build | Farm |
| 22:38 | Build | Farm |
| 22:38 | Build | Farm |
| 22:39 | Build | Farm |
| 22:39 | Build | Farm |
| 22:47 | Create | Villager (Male) |
| 22:48 | Create | Villager (Male) |
| 23:02 | Create | Villager (Male) |
| 23:08 | Build | Market |
| 23:11 | Create | Villager (Male) |
| 23:32 | Create | Scout Cavalry |
| 23:32 | Create | Scout Cavalry |
| 23:53 | Create | Villager (Male) |
| 23:54 | Create | Villager (Male) |
| 23:57 | Create | Villager (Male) |
| 24:09 | Create | Battering Ram |
| 24:22 | Build | House |
| 24:23 | Build | House |
| 24:23 | Build | House |
| 24:23 | Build | House |
| 24:24 | Build | House |
| 24:37 | Research | Castle Age |
| 24:38 | Create | Villager (Male) |
| 24:39 | Create | Villager (Male) |
| 24:45 | Build | Farm |
| 24:46 | Build | Farm |
| 24:46 | Build | Farm |
| 24:46 | Build | Farm |
| 24:46 | Build | Farm |
| 24:51 | Build | House |
| 25:33 | Research | Bloodlines |
| 25:34 | Create | Scout Cavalry ×3 |
| 25:52 | Create | Villager (Male) |
| 26:03 | Create | Scout Cavalry ×3 |
| 26:13 | Build | Farm |
| 26:14 | Build | Farm |
| 26:14 | Build | Farm |
| 26:14 | Build | Farm |
| 26:29 | Build | Mining Camp |
| 26:31 | Create | Villager (Male) |
| 27:17 | Age | Castle Age |
| 27:35 | Research | Light Cavalry (upgrade) |
| 27:36 | Create | Scout Cavalry ×5 |
| 27:42 | Build | Siege Workshop |
| 27:50 | Research | Capped Ram (upgrade) |
| 27:53 | Create | Villager (Male) |
| 28:18 | Create | Battering Ram |
| 28:18 | Create | Battering Ram |
Build order — Soul Ledger
123 actions detected in the replay
| 0:03 | Create | Villager (Male) |
| 0:04 | Research | Loom |
| 0:05 | Create | Villager (Male) ×3 |
| 0:05 | Create | Villager (Male) ×3 |
| 0:07 | Build | House |
| 0:10 | Build | House |
| 0:21 | Build | Palisade Wall |
| 1:59 | Build | Palisade Wall |
| 2:20 | Create | Villager (Male) |
| 3:14 | Create | Villager (Male) |
| 3:14 | Create | Villager (Male) |
| 3:45 | Create | Villager (Male) |
| 4:25 | Build | Palisade Wall |
| 4:26 | Create | Villager (Male) |
| 5:14 | Create | Villager (Male) |
| 5:15 | Create | Villager (Male) |
| 5:31 | Build | House |
| 5:37 | Create | Villager (Male) |
| 5:38 | Create | Villager (Male) |
| 5:45 | Build | House |
| 6:30 | Build | House |
| 6:31 | Create | Villager (Male) |
| 6:35 | Create | Villager (Male) |
| 6:48 | Build | Lumber Camp |
| 7:23 | Create | Villager (Male) |
| 7:23 | Create | Villager (Male) |
| 8:17 | Build | Mill |
| 8:22 | Create | Villager (Male) |
| 8:22 | Create | Villager (Male) |
| 8:22 | Create | Villager (Male) |
| 8:23 | Create | Villager (Male) |
| 8:53 | Create | Villager (Male) |
| 8:53 | Create | Villager (Male) |
| 9:39 | Create | Villager (Male) |
| 9:39 | Create | Villager (Male) |
| 9:40 | Create | Villager (Male) |
| 9:49 | Build | House |
| 10:22 | Create | Villager (Male) |
| 10:23 | Create | Villager (Male) |
| 10:23 | Create | Villager (Male) |
| 10:59 | Create | Villager (Male) |
| 11:33 | Build | Mining Camp |
| 12:47 | Research | Feudal Age |
| 13:41 | Create | Villager (Male) |
| 13:42 | Create | Villager (Male) |
| 14:34 | Build | Farm |
| 14:45 | Build | Mill |
| 14:57 | Age | Feudal Age |
| 15:39 | Build | Watch Tower |
| 15:46 | Build | Watch Tower |
| 15:49 | Create | Villager (Male) |
| 16:05 | Build | Market |
| 16:06 | Build | Blacksmith |
| 16:45 | Build | Watch Tower |
| 16:52 | Create | Villager (Male) |
| 17:05 | Build | Barracks |
| 17:49 | Build | Stone Wall |
| 17:51 | Research | Castle Age |
| 18:03 | Build | Stone Wall |
| 18:59 | Build | Farm |
| 19:00 | Build | Farm |
| 19:01 | Build | Farm |
| 19:03 | Build | Farm |
| 19:25 | Build | Gate |
| 19:59 | Build | Farm |
| 20:21 | Build | Farm |
| 20:22 | Build | Farm |
| 20:31 | Age | Castle Age |
| 21:03 | Build | Castle |
| 21:14 | Create | Villager (Male) |
| 21:15 | Create | Villager (Male) |
| 21:15 | Create | Villager (Male) |
| 21:20 | Build | Farm |
| 21:21 | Build | Farm |
| 21:41 | Build | Farm |
| 22:10 | Build | Farm |
| 22:11 | Create | Villager (Male) |
| 22:12 | Create | Villager (Male) |
| 22:12 | Create | Villager (Male) |
| 23:04 | Create | Obuch ×5 |
| 23:04 | Create | Obuch ×5 |
| 23:04 | Create | Obuch ×4 |
| 23:30 | Build | Mining Camp |
| 23:42 | Build | Farm |
| 24:12 | Build | Farm |
| 24:15 | Create | Villager (Male) |
| 24:16 | Create | Villager (Male) |
| 24:45 | Create | Petard |
| 24:45 | Create | Petard |
| 24:45 | Create | Petard |
| 25:37 | Create | Petard |
| 25:37 | Create | Petard |
| 25:37 | Create | Petard |
| 25:37 | Create | Petard |
| 25:39 | Create | Petard |
| 26:18 | Build | Farm |
| 26:20 | Build | Farm |
| 26:21 | Build | Farm |
| 26:22 | Build | Farm |
| 26:26 | Build | Farm |
| 26:28 | Create | Villager (Male) |
| 26:29 | Create | Villager (Male) |
| 26:29 | Create | Villager (Male) |
| 26:29 | Create | Villager (Male) |
| 26:49 | Build | Stable |
| 27:27 | Research | Horse Collar |
| 27:36 | Build | Town Center |
| 28:18 | Build | Stable |
| 28:23 | Research | Szlachta Privileges |
| 28:52 | Build | Farm |
| 28:59 | Research | Husbandry |
| 29:07 | Create | Villager (Male) |
| 29:08 | Create | Villager (Male) |
| 29:08 | Create | Villager (Male) |
| 29:08 | Create | Villager (Male) |
| 29:40 | Build | Farm |
| 29:42 | Build | Farm |
| 29:43 | Build | Farm |
| 29:44 | Create | Villager (Male) |
| 29:49 | Research | Bloodlines |
| 29:50 | Create | Knight ×2 |
| 29:50 | Create | Knight ×2 |
| 30:15 | Create | Obuch ×3 |
Build order — Thupakiraja
First 150 of 193 actions detected
| 0:02 | Research | Loom |
| 0:02 | Create | Villager (Male) ×4 |
| 0:03 | Build | House |
| 0:05 | Build | House |
| 1:32 | Create | Villager (Male) |
| 1:32 | Create | Villager (Male) |
| 1:59 | Create | Villager (Male) |
| 2:00 | Create | Villager (Male) |
| 2:00 | Create | Villager (Male) |
| 2:21 | Build | Lumber Camp |
| 2:26 | Create | Villager (Male) |
| 2:26 | Create | Villager (Male) |
| 2:50 | Create | Villager (Male) |
| 2:51 | Create | Villager (Male) |
| 3:51 | Create | Villager (Male) |
| 3:51 | Create | Villager (Male) |
| 4:01 | Create | Villager (Male) |
| 4:01 | Create | Villager (Male) |
| 4:01 | Create | Villager (Male) |
| 4:21 | Build | House |
| 4:24 | Create | Villager (Male) |
| 4:24 | Create | Villager (Male) |
| 4:48 | Create | Villager (Male) |
| 5:07 | Create | Villager (Male) |
| 5:07 | Create | Villager (Male) |
| 5:07 | Create | Villager (Male) |
| 6:03 | Build | House |
| 6:09 | Create | Villager (Male) |
| 6:10 | Create | Villager (Male) |
| 6:10 | Create | Villager (Male) |
| 6:10 | Create | Villager (Male) |
| 6:10 | Create | Villager (Male) |
| 6:16 | Create | Villager (Male) |
| 6:16 | Create | Villager (Male) |
| 6:16 | Create | Villager (Male) |
| 6:39 | Build | Mill |
| 6:53 | Create | Villager (Male) |
| 6:53 | Create | Villager (Male) |
| 6:53 | Create | Villager (Male) |
| 6:54 | Create | Villager (Male) |
| 7:26 | Create | Villager (Male) |
| 7:26 | Create | Villager (Male) |
| 7:48 | Create | Villager (Male) |
| 7:48 | Create | Villager (Male) |
| 7:55 | Create | Villager (Male) |
| 7:59 | Build | House |
| 8:38 | Create | Villager (Male) |
| 8:44 | Create | Villager (Male) |
| 9:06 | Build | Farm |
| 9:06 | Build | Farm |
| 9:07 | Build | Farm |
| 9:07 | Build | Farm |
| 9:07 | Build | Farm |
| 9:07 | Build | Farm |
| 9:12 | Build | Mining Camp |
| 9:32 | Research | Feudal Age |
| 9:50 | Build | House |
| 9:52 | Build | House |
| 9:59 | Build | House |
| 10:43 | Create | Villager (Male) |
| 10:43 | Create | Villager (Male) |
| 10:55 | Build | Farm |
| 10:55 | Build | Farm |
| 11:42 | Age | Feudal Age |
| 11:44 | Build | Blacksmith |
| 12:12 | Create | Villager (Male) |
| 12:41 | Build | Stone Wall |
| 12:44 | Build | Stone Wall |
| 12:47 | Create | Villager (Male) |
| 13:07 | Build | Stone Wall |
| 13:10 | Build | Stone Wall |
| 13:15 | Build | Stone Wall |
| 13:19 | Create | Villager (Male) |
| 13:31 | Build | Market |
| 14:44 | Research | Castle Age |
| 14:44 | Research | Castle Age |
| 14:44 | Research | Castle Age |
| 15:06 | Build | Stone Wall |
| 15:42 | Build | Stone Wall |
| 15:53 | Build | Mining Camp |
| 16:17 | Build | Barracks |
| 16:21 | Build | Stone Wall |
| 16:29 | Build | Palisade Wall |
| 17:18 | Research | Double-Bit Axe |
| 17:18 | Research | Double-Bit Axe |
| 17:19 | Research | Double-Bit Axe |
| 17:20 | Research | Horse Collar |
| 17:20 | Research | Horse Collar |
| 17:24 | Age | Castle Age |
| 17:27 | Create | Villager (Male) |
| 17:29 | Research | Stone Mining |
| 17:30 | Research | Stone Mining |
| 18:15 | Create | Villager (Male) |
| 18:17 | Research | Stone Shaft Mining |
| 18:31 | Create | Villager (Male) |
| 18:52 | Create | Villager (Male) |
| 19:08 | Build | Mining Camp |
| 19:15 | Create | Villager (Male) |
| 20:19 | Build | Castle |
| 20:42 | Build | Town Center |
| 20:48 | Build | Farm |
| 20:48 | Build | Farm |
| 20:48 | Build | Farm |
| 20:49 | Build | Farm |
| 20:50 | Create | Villager (Male) |
| 21:16 | Build | Farm |
| 21:16 | Build | Farm |
| 21:16 | Build | Farm |
| 21:17 | Build | Farm |
| 21:24 | Create | Villager (Male) |
| 21:25 | Create | Villager (Male) |
| 21:50 | Create | Villager (Male) |
| 21:50 | Create | Villager (Male) |
| 21:51 | Create | Villager (Male) |
| 22:13 | Create | Villager (Male) |
| 22:17 | Build | Farm |
| 22:17 | Build | Farm |
| 22:18 | Build | Farm |
| 22:47 | Create | Villager (Male) |
| 22:48 | Create | Villager (Male) |
| 22:49 | Create | Villager (Male) |
| 22:53 | Research | Bow Saw |
| 22:58 | Build | Farm |
| 22:58 | Build | Farm |
| 22:59 | Build | Farm |
| 22:59 | Build | Farm |
| 22:59 | Build | Farm |
| 23:01 | Create | Villager (Male) |
| 23:06 | Create | Villager (Male) |
| 23:29 | Create | Villager (Male) |
| 23:29 | Create | Villager (Male) |
| 23:39 | Create | Villager (Male) |
| 23:52 | Build | Town Center |
| 23:56 | Create | Villager (Male) |
| 23:56 | Create | Villager (Male) |
| 24:17 | Build | Stone Wall |
| 24:18 | Build | Gate |
| 24:19 | Build | Gate |
| 24:21 | Create | Villager (Male) |
| 24:21 | Create | Villager (Male) |
| 24:22 | Build | Farm |
| 24:22 | Build | Farm |
| 24:23 | Build | Farm |
| 24:23 | Build | Farm |
| 24:24 | Build | Farm |
| 24:24 | Build | Farm |
| 24:24 | Build | Farm |
| 24:24 | Build | Farm |
| 24:41 | Create | Villager (Male) |
| 24:42 | Create | Villager (Male) |
Build order — DB.BigFoot
First 150 of 186 actions detected
| 0:01 | Create | Villager (Male) |
| 0:01 | Create | Villager (Male) |
| 0:03 | Build | House |
| 0:05 | Build | House |
| 0:06 | Create | Villager (Male) |
| 0:06 | Create | Villager (Male) |
| 1:32 | Create | Villager (Male) |
| 1:32 | Create | Villager (Male) |
| 1:46 | Build | Lumber Camp |
| 2:01 | Create | Villager (Male) |
| 2:24 | Build | House |
| 2:27 | Build | House |
| 2:32 | Create | Villager (Male) |
| 2:32 | Create | Villager (Male) |
| 2:50 | Create | Villager (Male) |
| 2:50 | Create | Villager (Male) |
| 3:05 | Create | Villager (Male) |
| 3:45 | Create | Villager (Male) |
| 4:11 | Create | Villager (Male) |
| 4:11 | Create | Villager (Male) |
| 4:38 | Create | Villager (Male) |
| 5:12 | Build | Mill |
| 5:29 | Create | Villager (Male) |
| 5:30 | Create | Villager (Male) |
| 5:30 | Create | Villager (Male) |
| 6:14 | Create | Villager (Male) |
| 6:14 | Create | Villager (Male) |
| 6:14 | Create | Villager (Male) |
| 6:15 | Create | Villager (Male) |
| 6:15 | Create | Villager (Male) |
| 6:15 | Create | Villager (Male) |
| 6:39 | Create | Villager (Male) |
| 6:40 | Create | Villager (Male) |
| 7:42 | Research | Loom |
| 8:16 | Research | Feudal Age |
| 8:16 | Research | Feudal Age |
| 8:56 | Build | House |
| 9:07 | Build | Mining Camp |
| 9:29 | Build | Mill |
| 9:59 | Create | Villager (Male) |
| 9:59 | Create | Villager (Male) |
| 10:40 | Create | Villager (Male) |
| 10:59 | Age | Feudal Age |
| 11:00 | Research | Town Watch |
| 11:00 | Research | Town Watch |
| 11:20 | Build | Watch Tower |
| 11:33 | Build | Blacksmith |
| 11:36 | Build | Farm |
| 11:39 | Build | Farm |
| 11:41 | Research | Horse Collar |
| 11:43 | Research | Double-Bit Axe |
| 11:43 | Research | Double-Bit Axe |
| 12:03 | Build | Mining Camp |
| 12:05 | Create | Villager (Male) |
| 13:03 | Build | Watch Tower |
| 13:14 | Research | Wheelbarrow |
| 13:14 | Research | Wheelbarrow |
| 13:15 | Create | Villager (Male) |
| 13:21 | Build | House |
| 13:23 | Build | House |
| 13:29 | Create | Villager (Male) |
| 13:34 | Research | Fletching |
| 13:34 | Research | Fletching |
| 13:35 | Create | Villager (Male) |
| 14:04 | Build | Watch Tower |
| 15:05 | Create | Villager (Male) |
| 15:26 | Build | Farm |
| 15:26 | Build | Farm |
| 15:26 | Build | Farm |
| 15:26 | Build | Farm |
| 15:29 | Create | Villager (Male) |
| 15:36 | Research | Gold Mining |
| 15:36 | Research | Gold Mining |
| 16:27 | Create | Villager (Male) |
| 16:34 | Build | Watch Tower |
| 16:42 | Create | Villager (Male) |
| 16:48 | Build | Farm |
| 16:49 | Build | Farm |
| 16:49 | Build | Farm |
| 16:51 | Create | Villager (Male) |
| 17:06 | Create | Villager (Male) |
| 17:10 | Build | Farm |
| 17:11 | Build | Farm |
| 17:41 | Create | Villager (Male) |
| 17:57 | Build | Dock |
| 18:47 | Create | Villager (Male) |
| 19:08 | Create | Villager (Male) |
| 19:25 | Create | Villager (Male) |
| 19:28 | Build | Farm |
| 19:28 | Build | Farm |
| 19:29 | Build | Farm |
| 19:29 | Build | Farm |
| 19:37 | Build | Market |
| 19:41 | Create | Villager (Male) |
| 20:01 | Build | Watch Tower |
| 20:10 | Create | Villager (Male) |
| 20:26 | Research | Castle Age |
| 20:26 | Research | Castle Age |
| 20:26 | Research | Castle Age |
| 20:38 | Create | Fishing Ship |
| 20:38 | Create | Fishing Ship |
| 20:47 | Build | House |
| 20:48 | Build | House |
| 20:49 | Build | House |
| 20:49 | Build | House |
| 20:49 | Build | House |
| 20:50 | Build | House |
| 20:50 | Build | House |
| 21:55 | Build | Watch Tower |
| 22:17 | Research | Stone Mining |
| 22:17 | Research | Stone Mining |
| 23:15 | Age | Castle Age |
| 23:15 | Build | Barracks |
| 23:34 | Research | Hand Cart |
| 23:35 | Research | Hand Cart |
| 23:35 | Research | Hand Cart |
| 23:35 | Create | Villager (Male) |
| 23:38 | Create | Villager (Male) |
| 23:38 | Create | Villager (Male) |
| 23:39 | Create | Villager (Male) |
| 23:39 | Create | Villager (Male) |
| 23:39 | Create | Villager (Male) |
| 23:46 | Build | Town Center |
| 23:51 | Create | Villager (Male) |
| 23:51 | Create | Villager (Male) |
| 23:52 | Create | Villager (Male) |
| 24:09 | Build | Fish Trap |
| 24:14 | Research | Tech 906 |
| 24:14 | Research | Tech 906 |
| 24:14 | Research | Tech 906 |
| 24:15 | Create | Villager (Male) |
| 25:12 | Build | Castle |
| 25:32 | Build | House |
| 25:34 | Build | House |
| 25:38 | Build | House |
| 25:43 | Build | House |
| 25:49 | Build | House |
| 26:07 | Build | University |
| 26:15 | Create | Villager (Male) |
| 26:29 | Build | Farm |
| 26:30 | Build | Farm |
| 26:46 | Build | Farm |
| 26:46 | Build | Farm |
| 26:46 | Build | Farm |
| 26:54 | Research | Gillnets |
| 26:54 | Research | Gillnets |
| 27:29 | Research | Bow Saw |
| 27:29 | Research | Bow Saw |
| 27:29 | Research | Bow Saw |
| 27:37 | Create | War Wagon |
Build order — 天机
65 actions detected in the replay
| 0:06 | Create | Villager (Male) |
| 0:18 | Research | Loom |
| 1:00 | Build | Palisade Wall |
| 1:05 | Build | House |
| 1:07 | Create | Villager (Male) |
| 1:08 | Create | Villager (Male) |
| 1:11 | Create | Villager (Male) |
| 2:32 | Build | Palisade Wall |
| 2:44 | Create | Villager (Male) |
| 3:08 | Create | Villager (Male) |
| 3:08 | Create | Villager (Male) |
| 3:31 | Build | House |
| 3:42 | Create | Villager (Male) |
| 3:43 | Create | Villager (Male) |
| 3:43 | Create | Villager (Male) |
| 4:10 | Build | Outpost |
| 4:18 | Build | House |
| 4:37 | Create | Villager (Male) |
| 4:38 | Create | Villager (Male) |
| 4:39 | Create | Villager (Male) |
| 5:46 | Create | Villager (Male) |
| 5:46 | Create | Villager (Male) |
| 5:46 | Create | Villager (Male) |
| 5:47 | Create | Villager (Male) |
| 5:47 | Create | Villager (Male) |
| 6:44 | Create | Villager (Male) |
| 7:12 | Create | Villager (Male) |
| 7:31 | Build | Mill |
| 7:46 | Create | Villager (Male) |
| 8:25 | Build | House |
| 8:42 | Create | Villager (Male) |
| 9:00 | Build | Lumber Camp |
| 9:07 | Create | Villager (Male) |
| 9:37 | Research | Feudal Age |
| 10:52 | Build | Outpost |
| 11:25 | Create | Villager (Male) |
| 11:32 | Create | Villager (Male) |
| 12:12 | Age | Feudal Age |
| 13:09 | Build | Stone Wall |
| 13:15 | Build | House |
| 13:37 | Build | Stone Wall |
| 14:39 | Build | Stone Wall |
| 14:56 | Build | Gate |
| 16:40 | Build | Mining Camp |
| 18:26 | Build | Town Center |
| 20:30 | Build | Mining Camp |
| 21:01 | Create | Villager (Male) |
| 21:01 | Create | Villager (Male) |
| 21:36 | Build | Market |
| 21:47 | Build | Blacksmith |
| 21:50 | Create | Villager (Male) |
| 22:50 | Research | Castle Age |
| 22:58 | Build | Barracks |
| 23:08 | Build | Farm |
| 23:11 | Build | Farm |
| 23:16 | Build | Farm |
| 23:17 | Build | Farm |
| 23:24 | Build | Farm |
| 24:08 | Build | Farm |
| 24:13 | Build | Farm |
| 24:59 | Build | Stable |
| 25:30 | Age | Castle Age |
| 26:12 | Build | Stable |
| 26:56 | Create | Unit 1944 |
| 26:57 | Create | Unit 1944 |
Build order — DB.DarkTreefolk
First 150 of 183 actions detected
| 0:08 | Build | House |
| 0:10 | Build | House |
| 0:10 | Create | Villager (Male) |
| 0:11 | Create | Villager (Male) |
| 0:11 | Create | Villager (Male) |
| 0:11 | Create | Villager (Male) |
| 0:11 | Create | Villager (Male) |
| 1:50 | Create | Villager (Male) |
| 1:57 | Build | Lumber Camp |
| 2:15 | Create | Villager (Male) |
| 2:31 | Create | Villager (Male) |
| 2:31 | Create | Villager (Male) |
| 3:19 | Create | Villager (Male) |
| 3:20 | Create | Villager (Male) |
| 3:20 | Create | Villager (Male) |
| 3:53 | Build | House |
| 4:00 | Create | Villager (Male) |
| 4:00 | Create | Villager (Male) |
| 4:01 | Create | Villager (Male) |
| 4:22 | Build | Mill |
| 4:43 | Create | Villager (Male) |
| 5:25 | Create | Villager (Male) |
| 5:25 | Create | Villager (Male) |
| 5:50 | Create | Villager (Male) |
| 6:23 | Create | Villager (Male) |
| 6:23 | Create | Villager (Male) |
| 6:24 | Create | Villager (Male) |
| 7:14 | Create | Villager (Male) |
| 7:14 | Create | Villager (Male) |
| 7:15 | Create | Villager (Male) |
| 7:15 | Create | Villager (Male) |
| 7:20 | Build | House |
| 8:34 | Create | Villager (Male) |
| 8:35 | Create | Villager (Male) |
| 8:35 | Create | Villager (Male) |
| 8:35 | Create | Villager (Male) |
| 8:41 | Create | Villager (Male) |
| 8:42 | Create | Villager (Male) |
| 8:42 | Create | Villager (Male) |
| 8:42 | Create | Villager (Male) |
| 8:47 | Build | House |
| 9:25 | Build | Farm |
| 9:28 | Build | Farm |
| 9:47 | Research | Feudal Age |
| 10:08 | Build | Mill |
| 10:48 | Research | Loom |
| 10:53 | Build | Mining Camp |
| 11:35 | Build | House |
| 12:43 | Age | Feudal Age |
| 12:47 | Build | Blacksmith |
| 13:02 | Build | Market |
| 13:05 | Create | Villager (Male) |
| 13:46 | Research | Castle Age |
| 14:27 | Build | Barracks |
| 14:55 | Create | Villager (Male) |
| 15:01 | Research | Gold Mining |
| 15:05 | Research | Double-Bit Axe |
| 15:37 | Build | Stable |
| 16:25 | Build | Farm |
| 16:26 | Age | Castle Age |
| 16:32 | Build | House |
| 16:35 | Create | Knight |
| 16:36 | Create | Knight |
| 16:53 | Create | Villager (Male) |
| 16:53 | Create | Villager (Male) |
| 17:09 | Build | Stable |
| 17:15 | Build | Farm |
| 17:16 | Build | Farm |
| 17:26 | Create | Villager (Male) |
| 17:40 | Create | Knight |
| 17:42 | Research | Bloodlines |
| 17:45 | Create | Villager (Male) |
| 17:51 | Research | Horse Collar |
| 17:55 | Build | Farm |
| 17:56 | Build | Farm |
| 17:56 | Build | Farm |
| 17:56 | Build | Farm |
| 17:56 | Build | Farm |
| 17:57 | Build | Farm |
| 17:57 | Build | Farm |
| 18:02 | Create | Villager (Male) |
| 18:02 | Create | Villager (Male) |
| 18:10 | Create | Knight |
| 18:16 | Build | Farm |
| 18:17 | Create | Knight |
| 18:40 | Research | Scale Barding Armor |
| 19:23 | Create | Villager (Male) |
| 19:30 | Build | Farm |
| 19:30 | Build | Farm |
| 19:31 | Build | Farm |
| 19:31 | Build | Farm |
| 19:35 | Create | Villager (Male) |
| 20:02 | Create | Villager (Male) |
| 20:12 | Create | Knight |
| 20:12 | Create | Knight |
| 20:14 | Create | Villager (Male) |
| 20:19 | Build | House |
| 20:20 | Build | House |
| 20:21 | Build | House |
| 20:29 | Create | Villager (Male) |
| 20:35 | Research | Wheelbarrow |
| 21:28 | Create | Villager (Male) |
| 21:48 | Create | Villager (Male) |
| 21:48 | Create | Villager (Male) |
| 22:24 | Build | Town Center |
| 22:46 | Create | Villager (Male) |
| 22:54 | Research | Husbandry |
| 23:33 | Create | Villager (Male) |
| 23:33 | Create | Villager (Male) |
| 23:35 | Create | Villager (Male) |
| 23:35 | Create | Villager (Male) |
| 23:38 | Create | Villager (Male) |
| 23:40 | Create | Villager (Male) |
| 23:48 | Build | Farm |
| 23:48 | Build | Farm |
| 23:49 | Build | Farm |
| 23:49 | Build | Farm |
| 23:49 | Build | Farm |
| 23:50 | Build | Farm |
| 23:55 | Research | Heavy Plow |
| 24:34 | Create | Villager (Male) |
| 24:35 | Create | Villager (Male) |
| 25:58 | Create | Villager (Male) |
| 25:58 | Create | Villager (Male) |
| 26:12 | Build | Farm |
| 26:12 | Build | Farm |
| 26:15 | Build | Farm |
| 26:15 | Build | Farm |
| 26:16 | Build | Farm |
| 26:16 | Build | Farm |
| 26:16 | Build | Farm |
| 26:16 | Build | Farm |
| 26:17 | Build | Farm |
| 26:17 | Build | Farm |
| 26:17 | Build | Farm |
| 26:17 | Build | Farm |
| 26:18 | Build | Farm |
| 26:26 | Build | Monastery |
| 26:30 | Create | Villager (Male) |
| 26:30 | Create | Villager (Male) |
| 26:31 | Create | Villager (Male) |
| 26:32 | Create | Villager (Male) |
| 26:35 | Create | Knight |
| 26:35 | Create | Knight |
| 26:36 | Create | Knight |
| 26:36 | Create | Knight |
| 26:36 | Create | Knight |
| 26:36 | Create | Knight |
| 26:36 | Create | Knight |
| 26:37 | Create | Knight |
Build order — VVS
84 actions detected in the replay
| 0:04 | Research | Loom |
| 0:04 | Create | Villager (Male) |
| 0:05 | Create | Villager (Male) |
| 0:08 | Build | House |
| 0:10 | Build | House |
| 0:58 | Create | Villager (Male) |
| 1:23 | Create | Villager (Male) |
| 2:00 | Create | Villager (Male) |
| 2:29 | Create | Villager (Male) |
| 2:50 | Create | Villager (Male) |
| 3:05 | Build | Mill |
| 3:20 | Create | Villager (Male) |
| 3:42 | Create | Villager (Male) |
| 3:55 | Build | House |
| 4:09 | Create | Villager (Male) |
| 4:40 | Create | Villager (Male) |
| 5:01 | Create | Villager (Male) |
| 5:10 | Build | Lumber Camp |
| 5:27 | Create | Villager (Male) |
| 5:54 | Create | Villager (Male) |
| 6:20 | Create | Villager (Male) |
| 6:25 | Build | House |
| 6:43 | Create | Villager (Male) |
| 7:01 | Create | Villager (Male) |
| 7:25 | Create | Villager (Male) |
| 7:57 | Build | House |
| 8:02 | Create | Villager (Male) |
| 8:23 | Create | Villager (Male) |
| 8:35 | Build | Dock |
| 8:53 | Create | Villager (Male) |
| 9:21 | Research | Feudal Age |
| 9:30 | Build | Mining Camp |
| 9:34 | Create | Fishing Ship |
| 9:42 | Build | House |
| 10:25 | Build | Mill |
| 11:30 | Create | Villager (Male) |
| 11:31 | Age | Feudal Age |
| 11:33 | Research | Tech 906 |
| 11:40 | Build | Blacksmith |
| 11:51 | Research | Town Watch |
| 11:52 | Research | Wheelbarrow |
| 12:03 | Build | Market |
| 12:24 | Create | Fishing Ship |
| 13:10 | Create | Villager (Male) |
| 13:54 | Build | Barracks |
| 14:02 | Create | Villager (Male) |
| 14:13 | Build | House |
| 14:14 | Build | House |
| 14:47 | Create | Villager (Male) |
| 14:58 | Build | Stable |
| 15:12 | Build | Mill |
| 15:20 | Create | Villager (Male) |
| 15:47 | Create | Fishing Ship |
| 15:50 | Create | Villager (Male) |
| 15:56 | Research | Bloodlines |
| 16:15 | Create | Villager (Male) |
| 16:19 | Build | Farm |
| 16:31 | Build | Stone Wall |
| 16:42 | Create | Villager (Male) |
| 16:44 | Build | Farm |
| 17:10 | Build | Stone Wall |
| 17:15 | Create | Scout Cavalry |
| 17:16 | Create | Scout Cavalry |
| 17:27 | Build | Stable |
| 17:36 | Create | Villager (Male) |
| 17:51 | Create | Scout Cavalry |
| 18:04 | Build | Farm |
| 18:08 | Create | Villager (Male) |
| 18:27 | Build | Watch Tower |
| 18:40 | Create | Scout Cavalry |
| 18:47 | Build | Farm |
| 19:31 | Create | Villager (Male) |
| 20:04 | Build | Farm |
| 20:37 | Research | Castle Age |
| 20:57 | Build | Mining Camp |
| 23:45 | Build | Lumber Camp |
| 25:40 | Build | Town Center |
| 25:51 | Build | House |
| 26:34 | Build | House |
| 26:36 | Build | House |
| 27:13 | Research | Castle Age |
| 27:33 | Build | Mining Camp |
| 28:08 | Research | Stone Mining |
| 28:16 | Research | Double-Bit Axe |
Build order — DB.SaltySnacks
First 150 of 194 actions detected
| 0:01 | Create | Villager (Male) |
| 0:01 | Create | Villager (Male) |
| 0:02 | Create | Villager (Male) |
| 0:03 | Build | House |
| 0:04 | Build | House |
| 0:35 | Create | Villager (Male) |
| 1:28 | Create | Villager (Male) |
| 1:57 | Create | Villager (Male) |
| 1:59 | Build | Lumber Camp |
| 2:19 | Create | Villager (Male) |
| 2:50 | Create | Villager (Male) |
| 3:10 | Create | Villager (Male) |
| 3:40 | Create | Villager (Male) |
| 3:49 | Build | House |
| 3:59 | Build | House |
| 4:07 | Create | Villager (Male) |
| 4:30 | Create | Villager (Male) |
| 4:31 | Create | Villager (Male) |
| 4:31 | Create | Villager (Male) |
| 4:31 | Create | Villager (Male) |
| 4:46 | Build | Mill |
| 5:27 | Create | Villager (Male) |
| 5:28 | Create | Villager (Male) |
| 6:23 | Create | Villager (Male) |
| 6:31 | Create | Villager (Male) |
| 7:11 | Create | Villager (Male) |
| 7:53 | Research | Feudal Age |
| 7:57 | Build | Barracks |
| 8:25 | Create | Villager (Male) |
| 8:54 | Build | House |
| 8:57 | Build | Mining Camp |
| 9:02 | Create | Villager (Male) |
| 9:32 | Build | House |
| 9:43 | Build | House |
| 10:06 | Age | Feudal Age |
| 10:08 | Build | Archery Range |
| 10:15 | Build | Blacksmith |
| 10:29 | Research | Double-Bit Axe |
| 10:47 | Create | Villager (Male) |
| 11:00 | Create | Archer |
| 11:00 | Create | Archer |
| 11:09 | Build | Lumber Camp |
| 11:19 | Create | Villager (Male) |
| 11:21 | Research | Horse Collar |
| 11:27 | Build | Farm |
| 11:28 | Create | Villager (Male) |
| 11:42 | Research | Fletching |
| 11:44 | Build | House |
| 11:48 | Create | Archer |
| 11:49 | Create | Villager (Male) |
| 11:55 | Build | Farm |
| 12:17 | Build | House |
| 12:19 | Build | House |
| 12:23 | Create | Villager (Male) |
| 12:41 | Create | Archer |
| 12:43 | Create | Villager (Male) |
| 13:02 | Build | Outpost |
| 13:15 | Create | Archer |
| 13:15 | Create | Villager (Male) |
| 13:47 | Create | Archer |
| 13:55 | Create | Villager (Male) |
| 14:14 | Create | Archer |
| 14:15 | Research | Padded Archer Armor |
| 14:46 | Build | Farm |
| 14:46 | Build | Farm |
| 14:47 | Build | Farm |
| 14:47 | Build | Farm |
| 14:47 | Build | Farm |
| 14:47 | Build | Farm |
| 14:47 | Build | Farm |
| 14:48 | Build | Farm |
| 14:48 | Build | Farm |
| 14:50 | Create | Archer |
| 14:50 | Research | Loom |
| 14:55 | Build | Archery Range |
| 15:11 | Create | Archer |
| 16:00 | Create | Villager (Male) |
| 16:01 | Create | Archer |
| 16:08 | Create | Archer |
| 16:19 | Create | Villager (Male) |
| 16:25 | Build | Outpost |
| 16:27 | Build | Outpost |
| 16:29 | Build | Outpost |
| 16:31 | Research | Town Watch |
| 16:41 | Build | Farm |
| 16:41 | Build | Farm |
| 16:42 | Build | Farm |
| 16:42 | Build | Farm |
| 16:42 | Build | Farm |
| 16:42 | Build | Farm |
| 16:43 | Build | Farm |
| 16:45 | Create | Villager (Male) |
| 16:58 | Create | Villager (Male) |
| 17:13 | Create | Archer |
| 17:13 | Create | Archer |
| 17:14 | Create | Archer |
| 17:15 | Create | Villager (Male) |
| 17:36 | Create | Villager (Male) |
| 17:37 | Create | Archer |
| 18:17 | Build | House |
| 18:18 | Build | House |
| 18:19 | Build | House |
| 18:20 | Build | House |
| 18:21 | Build | House |
| 18:22 | Build | House |
| 18:26 | Create | Villager (Male) |
| 18:56 | Create | Villager (Male) |
| 19:02 | Create | Archer |
| 19:02 | Create | Archer |
| 19:19 | Build | Outpost |
| 19:24 | Build | Outpost |
| 19:47 | Create | Villager (Male) |
| 19:47 | Create | Villager (Male) |
| 20:03 | Create | Villager (Male) |
| 20:04 | Create | Archer |
| 20:04 | Create | Archer |
| 20:17 | Create | Villager (Male) |
| 20:18 | Create | Archer |
| 20:50 | Create | Archer |
| 20:51 | Create | Archer |
| 21:27 | Create | Archer |
| 21:27 | Create | Archer |
| 22:02 | Create | Villager (Male) |
| 22:04 | Create | Archer |
| 22:05 | Research | Castle Age |
| 22:06 | Create | Villager (Male) |
| 22:15 | Build | Farm |
| 22:15 | Build | Farm |
| 22:15 | Build | Farm |
| 22:16 | Build | Farm |
| 22:20 | Research | Gold Mining |
| 22:32 | Build | Outpost |
| 22:36 | Build | Outpost |
| 23:13 | Build | Outpost |
| 23:16 | Build | Outpost |
| 23:18 | Build | Outpost |
| 23:20 | Build | Outpost |
| 23:22 | Build | Outpost |
| 23:41 | Build | House |
| 23:43 | Build | House |
| 23:48 | Build | Lumber Camp |
| 23:50 | Create | Villager (Male) |
| 24:27 | Build | Lumber Camp |
| 24:46 | Age | Castle Age |
| 24:50 | Build | University |
| 24:53 | Research | Crossbowman (upgrade) |
| 24:55 | Research | Bodkin Arrow |
| 24:56 | Research | Leather Archer Armor |
| 24:58 | Research | Thumb Ring |
| 25:02 | Build | House |
Match timeline
| 0:21 | Soul Ledger · wall_segment Palisade Wall x11 |
| 1:00 | 天机 · wall_segment Palisade Wall x11 |
| 1:59 | Soul Ledger · wall_segment Palisade Wall x9 |
| 2:32 | 天机 · wall_segment Palisade Wall x9 |
| 4:25 | Soul Ledger · wall_segment Palisade Wall x8 |
| 7:57 | DB.SaltySnacks · first_building Barracks |
| 8:35 | VVS · first_building Dock |
| 10:06 | DB.SaltySnacks · age_up feudal |
| 10:08 | DB.SaltySnacks · first_building Archery Range |
| 10:48 | DB.TheYeti · age_up feudal |
| 10:59 | DB.BigFoot · age_up feudal |
| 11:30 | DB.TheYeti · first_building Siege Workshop |
| 11:31 | VVS · age_up feudal |
| 11:42 | Thupakiraja · age_up feudal |
| 12:12 | 天机 · age_up feudal |
| 12:41 | Thupakiraja · wall_segment Stone Wall x11 |
| 12:43 | DB.DarkTreefolk · age_up feudal |
| 12:44 | Thupakiraja · wall_segment Stone Wall x13 |
| 13:07 | Thupakiraja · wall_segment Stone Wall x1 |
| 13:09 | 天机 · wall_segment Stone Wall x13 |
| 13:10 | Thupakiraja · wall_segment Stone Wall x9 |
| 13:15 | Thupakiraja · wall_segment Stone Wall x13 |
| 13:37 | 天机 · wall_segment Stone Wall x14 |
| 13:54 | VVS · first_building Barracks |
| 14:27 | DB.DarkTreefolk · first_building Barracks |
| 14:39 | 天机 · wall_segment Stone Wall x18 |
| 14:57 | Soul Ledger · age_up feudal |
| 14:58 | VVS · first_building Stable |
| 15:06 | Thupakiraja · wall_segment Stone Wall x9 |
| 15:20 | DB.TheYeti · first_building Barracks |
| 15:37 | DB.DarkTreefolk · first_building Stable |
| 15:42 | Thupakiraja · wall_segment Stone Wall x11 |
| 16:17 | Thupakiraja · first_building Barracks |
| 16:21 | Thupakiraja · wall_segment Stone Wall x1 |
| 16:26 | DB.DarkTreefolk · age_up castle |
| 16:29 | Thupakiraja · wall_segment Palisade Wall x1 |
| 16:31 | VVS · wall_segment Stone Wall x5 |
| 17:05 | Soul Ledger · first_building Barracks |
| 17:10 | VVS · wall_segment Stone Wall x7 |
| 17:24 | Thupakiraja · age_up castle |
| 17:49 | Soul Ledger · wall_segment Stone Wall x12 |
| 17:57 | DB.BigFoot · first_building Dock |
| 18:03 | Soul Ledger · wall_segment Stone Wall x8 |
| 19:41 | DB.TheYeti · first_building Stable |
| 20:19 | Thupakiraja · first_building Castle |
| 20:31 | Soul Ledger · age_up castle |
| 21:03 | Soul Ledger · first_building Castle |
| 22:58 | 天机 · first_building Barracks |
| 23:15 | DB.BigFoot · age_up castle |
| 23:15 | DB.BigFoot · first_building Barracks |
| 24:17 | Thupakiraja · wall_segment Stone Wall x12 |
| 24:46 | DB.SaltySnacks · age_up castle |
| 24:59 | 天机 · first_building Stable |
| 25:03 | Thupakiraja · first_building Siege Workshop |
| 25:12 | DB.BigFoot · first_building Castle |
| 25:30 | 天机 · age_up castle |
| 26:26 | DB.DarkTreefolk · first_building Monastery |
| 26:49 | Soul Ledger · first_building Stable |
| 27:17 | DB.TheYeti · age_up castle |
| 27:33 | DB.BigFoot · first_market_sell 100 food |
| 27:34 | DB.BigFoot · first_market_buy 100 wood |
| 27:48 | DB.TheYeti · first_market_buy 100 food |
| 28:35 | VVS · resign |
[ AI ANALYSIS · 1 CREDIT ]
What really happened in this match?
Wolo.gg analyzes every decision: build order, eco, micro, common mistakes by bracket. Personalized analysis on WhatsApp or Discord in 30 seconds.
Civ guide
Cumans
Perfil
Jugador #460137